 Dungeon Crawl Stone Soup version 0.24.0-123-gd5b16e6ec5 (webtiles) character file.

Game seed: 16575737093240098105, levelgen mode: deterministic

221 Elellon the Skirmisher (level 5, -7/47 HPs)
             Began as a Hill Orc Fighter on Jan 8, 2020.
             Mangled by an ogre
             ... wielding a +0 giant club
              (10 damage)
             ... on level 4 of the Dungeon.
             The game lasted 00:06:23 (3790 turns).

Elellon the Skirmisher (Hill Orc Fighter)           Turns: 3790, Time: 00:06:24

Health: -7/47      AC:  5    Str: 20    XL:     5   Next: 98%
Magic:  5/5        EV:  8    Int:  8    God:
Gold:   176        SH: 10    Dex: 10    Spells: 4/4 levels left

rFire    . . .     SeeInvis .   g - +3 whip (flame)
rCold    . . .     Gourm    +   c - +1 shield
rNeg     . . .     Faith    .   t - +0 ring mail (curse)
rPois    .         Spirit   .   (no helmet)
rElec    .         Reflect  .   (no cloak)
rCorr    .         Harm     .   (no gloves)
MR       .....                  (no boots)
Stlth    ..........             q - amulet of the gourmand
HPRegen  0.15/turn              (no ring)
MPRegen  0.09/turn              (no ring)

@: heavily drained
A: no striking features
a: no special abilities


You were on level 4 of the Dungeon.
You were not hungry.

You visited 1 branch of the dungeon, and saw 4 of its levels.

You collected 176 gold pieces.

Inventory:

Hand Weapons
 a - a +0 war axe
 g - a +3 whip of flaming (weapon)
Missiles
 l - 16 sling bullets
 n - 6 poisoned darts (quivered)
Armour
 b - a +0 scale mail
 c - a +1 shield (worn)
 t - a cursed +0 ring mail (worn)
Jewellery
 q - an amulet of the gourmand (around neck)
Scrolls
 e - 3 scrolls of amnesia
 h - 2 scrolls of identify
 o - a scroll of enchant armour
Potions
 d - a potion of might
 i - a potion of heal wounds {unknown}
 j - 2 potions of flight {unknown}
 k - a potion of berserk rage {unknown}
 m - a potion of agility {unknown}
 s - a potion of curing {unknown}
Comestibles
 f - 7 rations


   Skills:
 + Level 4.6(3.4) Fighting
 - Level 3.5(3.1) Axes
 * Level 3.1(2.5) Maces & Flails
 + Level 4.2(3.0) Armour
 + Level 4.3(3.0) Shields


You had 4 spell levels left.
You didn't know any spells.
Your spell library contained the following spells:

 Spells                   Type           Power        Failure   Level  Hunger
 Confusing Touch          Hex            #.....       98%         1    ##.....
 Confuse                  Hex            #.......     100%        3    ####...
 Gell's Gravitas          Tloc           #.........   100%        3    ####...
 Petrify                  Tmut/Erth      #.......     100%        4    #####..
 Metabolic Englaciation   Hex/Ice        #.........   100%        5    ######.
 Yara's Violent Unravell  Hex/Tmut       #.........   100%        5    ######.


Dungeon Overview and Level Annotations

Branches:
Dungeon (4/15)
 Temple: D:4-7

Altars:
Nemelex Xobeh

Annotations:
D:3 Edmund


Message History

HP restored.
You eat one of the 8 rations.
That ration really hit the spot!
There is a stone staircase leading down, spattered with blood here.
You climb downwards.
The ogre barely misses you.
There is a stone staircase leading up here.
You barely miss the ogre. The ogre hits you with a +0 giant club!
You whack the ogre! You burn the ogre.
The ogre is moderately wounded.
The ogre barely misses you.
You hit the ogre. You burn the ogre.
The ogre is moderately wounded.
The ogre hits you with a +0 giant club!!
Ouch! That really hurt!
* * * LOW HITPOINT WARNING * * *
You barely miss the ogre.
The ogre is moderately wounded.
You hit the ogre. You burn the ogre.
The ogre is severely wounded.
The ogre hits you with a +0 giant club!
You die...

#..#####..# #(.##....## ....
#..#......## ......
#..........## .......##
#...........# ........#
##...........## ........#
##.............##
........####...............##
...........)@O..............#
............................#
..........................###
........................###
####.................####
....##...#####.....###
........## ##..### ........#
##.###### ........
#...##.#######


You could see an ogre.

Vanquished Creatures
  An ogre (D:3)
  4 adders
  4 worms
  2 dart slugs
  4 orcs
  7 giant cockroaches
  5 goblins
  10 hobgoblins
  12 jackals
  10 kobolds
  A quokka (D:3)
  3 bats
  7 frilled lizards
  A jackal skeleton (D:4)
  A leopard gecko skeleton (D:4)
  10 rats
82 creatures vanquished.

Notes
Turn   | Place    | Note
-------+----------+-------------------------------------------
     0 | D:1      | Elellon the Hill Orc Fighter began the quest for the Orb.
     0 | D:1      | Reached XP level 1. HP: 19/19 MP: 1/1
   365 | D:1      | Reached XP level 2. HP: 27/27 MP: 2/2
   782 | D:1      | Reached XP level 3. HP: 31/33 MP: 3/3
  1322 | D:2      | Found a sparkling altar of Nemelex Xobeh.
  1674 | D:2      | Reached skill level 1 in Maces & Flails
  2079 | D:3      | Reached XP level 4. HP: 22/40 MP: 4/4
  2744 | D:3      | Reached XP level 5. HP: 47/47 MP: 5/5
  3039 | D:4      | Noticed Edmund
  3573 | D:4      | Noticed an ogre
  3573 | D:4      | Noticed an ogre
  3590 | D:3      | Killed an ogre
  3790 | D:4      | Mangled by an ogre

Levels and vault maps discovered:
D:1:      dpeg_arrival_tiny_d, layout_basic, st_stairs_4, dk_noncrumbling_2,
          nrook_mini_vaults
D:2:      layout_basic, marbit_many_paths, minmay_crystal_water
D:3:      minmay_skewed_foursquare, layout_basic
D:4:      layout_cave_pods, first_ration, serial_column_ruins, column_ruins_hut,
          column_ruins_hut_ruined, column_ruins_open_medium,
          column_ruins_open_tiny, column_ruins_grid_1,
          column_ruins_corridor_straight, column_ruins_open_medium, uniq_edmund

Skill      XL: |  1  2  3  4  5 |
---------------+----------------+-----
Axes           | 3 |  3.5
Fighting       | 4 |  4.6
Maces & Flails | 1 2 3 |  3.1
Shields        | 4 |  4.3
Armour         | 4 |  4.2

Action                   |  1- 3 |  4- 6 || total
-------------------------+-------+-------++-------
Melee: War axe           |    55 |       ||    55
       Whip              |    58 |   139 ||   197
  Use: Scroll            |       |     4 ||     4
  Eat: Chunk             |     4 |     5 ||     9
       Ration            |       |     1 ||     1
Armor: Scale mail        |    32 |    24 ||    56
       Ring mail         |       |    10 ||    10
Dodge: Dodged            |    25 |    38 ||    63
Block: Shield            |    62 |    59 ||   121
